Unix NetHack Version 5.0.0-0 post-release - last build Jun 10 2026 00:39:30 (3ee93aec679c4c4259841fe613dc97188e26a321,branch:main).

Game began 2026-06-15 15:35:00, ended 2026-06-15 15:45:29.

GdeVolpiano, neutral female human Tourist

   ---           ----
    .---         |..|
   -. .          |..|
   |.-.          |.--
   |..-          |.|
  --..|          |.|
  |.<.--    ---  |.--
  --...| ----.-- |..--
   --.-| |.....| |...----[
    |..| |.|..-- |..*..@h--
    --.|--.|..-- |....d|).-
     |.|...|-..|--...-----..
     |.|.-----.|.....|    -...
     |...|...|.|)..---      ....
     |.......|.)....|       ......
     |......---..|..-        .....|
     ---..--- |..|....        ...--
       ----   --....---       ----
               --..--
                 ---
GdeVolpiano the Sightseer   St:25 Dx:11 Co:13 In:12 Wi:9 Ch:14  Neutral
Dlvl:4  $:726 HP:0(44) Pw:22(22) AC:-6 Xp:5 T:1309 

Latest messages:
 Winston eats a gnome corpse.
 You see here a thonged club.
 The gnome swings his crossbow.
 The gnome misses!
 You kill the gnome!
 The dwarf swings her pick-axe.
 The dwarf hits!
 You kill the dwarf!
 Welcome to experience level 5.
 The gnome misses!
 You kill the gnome!
 You are carrying too much to get through.
 You are carrying too much to get through.
 You are carrying too much to get through.
 You are carrying too much to get through.
 The dwarf king thrusts his broad short sword.
 The dwarf king hits!
 The dwarf king thrusts his broad short sword.
 The dwarf king hits again!
 You miss the dwarf king.
 Are you waiting to get hit?  Use 'm' prefix to force a no-op (to rest).
 You miss the dwarf king.
 The dwarf king thrusts his broad short sword.
 The dwarf king hits!
 The dwarf king thrusts his broad short sword.
 The dwarf king just misses!
 What do you want to drink? [gnpvHI or ?*]
 You feel much better.
 The dwarf king thrusts his broad short sword.
 The dwarf king hits!
 The dwarf king thrusts his broad short sword.
 The dwarf king hits again!
 Winston picks up a thonged club.
 You miss the dwarf king.
 The dwarf king thrusts his broad short sword.
 The dwarf king hits!
 The dwarf king thrusts his broad short sword.
 The dwarf king misses!
 You miss the dwarf king.
 Winston drops a thonged club.
 You miss the dwarf king.
 In what direction?
 The dart misses the dwarf king.
 The dwarf king thrusts his broad short sword.
 The dwarf king hits!
 The dwarf king thrusts his broad short sword.
 The dwarf king hits again!
 You die...
 Do you want your possessions identified? [ynq] (y)
 Do you want to see your attributes? [ynq] (y)

Inventory:
 Coins    ('$')
  $ - 726 gold pieces
 Weapons  (')')
  C - 2 +0 crossbow bolts
  a - 37 +2 darts (at the ready)
  F - 9 +0 darts
  G - 4 cursed -2 darts
  s - a +0 spear
  B - a +0 broadsword (weapon in right hand)
 Armor    ('[')
  t - a blessed +1 orcish helm (being worn)
  x - an uncursed +1 pair of gauntlets of power (being worn)
  O - a blessed +0 pair of iron shoes (being worn)
  A - an uncursed +0 shield of reflection (being worn)
  w - an uncursed +0 cloak of protection (being worn)
  j - an uncursed +0 Hawaiian shirt with a bird of paradise motif
  D - an uncursed +0 Hawaiian shirt with a hula dancer motif
  K - an uncursed +0 elven mithril-coat (being worn)
 Comestibles  ('%')
  d - an uncursed apple
  b - 2 uncursed carrots
  L - an uncursed cram ration
  e - an uncursed cream pie
  c - 8 uncursed food rations
 Scrolls  ('?')
  h - a blessed scroll of magic mapping
  i - 3 uncursed scrolls of magic mapping
 Potions  ('!')
  H - an uncursed potion of enlightenment
  p - 2 uncursed potions of healing
  I - an uncursed potion of levitation
  n - an uncursed potion of restore ability
  v - a potion of holy water
 Wands    ('/')
  m - a wand of make invisible (0:2)
 Tools    ('(')
  l - an uncursed credit card
  k - an expensive camera (0:79)
  J - 4 cursed wax candles
 Gems/Stones  ('*')
  N - an uncursed emerald
  M - an uncursed worthless piece of red glass

GdeVolpiano the Tourist's attributes:

Background:
 You were a Sightseer, a level 5 female human Tourist.
 You were neutral, nominally on a mission for The Lady
 who was opposed by Blind Io (lawful) and Offler (chaotic).
 You were right-handed.
 You were in the Gnomish Mines, on level 4.
 You entered the dungeon 1309 turns ago.
 There was a new moon in effect when your adventure ended.
 You had 168 experience points, 152 more were needed to attain level 6.

Basics:
 You had 0 out of 44 hit points.
 You had all 22 energy points (spell power).
 Your armor class was -6.
 Your wallet contained 726 zorkmids.
 Autopickup was on for '$?!/="+' plus thrown, with exceptions.

Final Characteristics:
 Your strength was 25 (base:16, innate limit:18/100).
 Your dexterity was 11 (limit:18).
 Your constitution was 13 (limit:18).
 Your intelligence was 12 (limit:18).
 Your wisdom was 9 (limit:18).
 Your charisma was 14 (limit:18).

Final Status:
 You weren't hungry.
 You were unencumbered.
 You were wielding a broadsword.
 You were unskilled in broadsword and could have enhanced that.

Final Attributes:
 You were devoutly aligned.
 You were protected.
 You had reflection.
 You are dead.

Miscellaneous:
 You didn't encounter any bones levels.
 Total elapsed playing time was 10 minutes and 24 seconds.

Major events:
 Turn
    1: GdeVolpiano the neutral female human Tourist entered the dungeon
  736: attained the rank of Sightseer (level 3)
 1139: entered the Gnomish Mines
 1309: killed by a dwarf king

You didn't know any spells.

Skills:
 Fighting Skills
   bare handed combat [Unskilled]
   two weapon combat  [Unskilled]
   riding             [Unskilled]
 Weapon Skills
   dagger             [Unskilled]
   knife              [Unskilled]
   axe                [Unskilled]
   pick-axe           [Unskilled]
   short sword        [Unskilled]
   broadsword         [Unskilled]
   long sword         [Unskilled]
   two-handed sword   [Unskilled]
   saber              [Unskilled]
   mace               [Unskilled]
   morning star       [Unskilled]
   flail              [Unskilled]
   hammer             [Unskilled]
   quarterstaff       [Unskilled]
   polearms           [Unskilled]
   spear              [Unskilled]
   trident            [Unskilled]
   lance              [Unskilled]
   bow                [Unskilled]
   sling              [Unskilled]
   crossbow           [Unskilled]
   dart               [Basic]
   shuriken           [Unskilled]
   boomerang          [Unskilled]
   whip               [Unskilled]
   unicorn horn       [Unskilled]
 Spellcasting Skills
   divination spells  [Unskilled]
   enchantment spells [Unskilled]
   escape spells      [Unskilled]

Voluntary challenges:
 Character rerolling was not enabled.
 You were an atheist.
 You never genocided any monsters.
 You never polymorphed an object.
 You never changed form.
 You used no wishes.
Achievements:
 You entered a shop.
 You attained the rank of Sightseer.
 You entered the Gnomish Mines.

 The Dungeons of Doom: levels 1 to 4
    Level 1:
    Level 2:
       An armor shop, some fountains.
    Level 3:
       Stairs down to The Gnomish Mines.
    Level 4:
 The Gnomish Mines:
    Level 4: <- You were here.
       Final resting place for
          you, killed by a dwarf king.


Vanquished creatures:
  a floating eye
  2 dwarves
  a dwarf zombie
  a hobbit
  a large kobold
  2 giant rats
  2 yellow molds
  9 gnomes
  5 jackals
  2 foxes
  2 kobolds
  4 goblins
  2 grid bugs
  3 lichens
  a newt
38 creatures vanquished.

No species were genocided or became extinct.

Game over:
                       ----------
                      /          \
                     /    REST    \
                    /      IN      \
                   /     PEACE      \
                  /                  \
                  |   GdeVolpiano    |
                  |      726 Au      |
                  |   killed by a    |
                  |    dwarf king    |
                  |                  |
                  |                  |
                  |       2026       |
                 *|     *  *  *      | *
        _________)/\\_//(\/(/\)/\//\/|_)_______

Aloha GdeVolpiano the Tourist...

You died in The Gnomish Mines on dungeon level 4 with 824 points,
and 726 pieces of gold, after 1309 moves.
You were level 5 with a maximum of 44 hit points when you died.

